Harfangs vs Sasquatch
Created - 4 novembre 2014 at 19:08
Goals
|
| Harfangs |
2 |
2 |
2 |
6 |
| Sasquatch |
0 |
3 |
2 |
5 |
|
Shots
|
| Harfangs |
15 |
11 |
9 |
35 |
| Sasquatch |
7 |
13 |
19 |
39 |
|
1st period
1. Harfangs , Stefan Ruzicka 11 (Chris Kreider, Andrew Orpik) at 8:31
2. Harfangs , Petri Kontiola 8 (Stefan Ruzicka, James Wisniewski) at 9:06 (PP)
Penalties :
Oskar Osala (Gat) for Diving (Minor) at 5:17, Oskar Osala (Gat) for Hooking (Minor) at 8:49, Jakub Voracek (Gat) for Hooking (Minor) at 10:59, Kyle Palmieri (BEA) for High sticking (Double Minor) at 14:26
2nd period
3. Harfangs , Stefan Ruzicka 12 (Victor Bartley, Chris Kreider) at 12:26
4. Sasquatch , Jakub Voracek 9 (Derek Stepan, D.J King) at 12:38
5. Harfangs , Brian Lashoff 1 (Chris Kreider, Stefan Ruzicka) at 12:54
6. Sasquatch , Derek Stepan 10 (Jakub Voracek, Keith Yandle) at 18:39
7. Sasquatch , Jakub Voracek 10 (Derek Stepan, D.J King) at 19:14
Penalties :
Stefan Ruzicka (BEA) for Tripping (Minor) at 15:18
3rd period
8. Sasquatch , Nick Leddy 2 (Derek Stepan, D.J King) at 5:14 (PP)
9. Harfangs , Stefan Ruzicka 13 (Chris Kreider, Mark Giordano) at 5:24
10. Sasquatch , T.J. Oshie 5 (Oskar Osala, Brandon Bochenski) at 11:42
11. Harfangs , Dustin Jeffrey 2 (Kyle Palmieri, Mark Giordano) at 14:26
Penalties :
Brian Lashoff (BEA) for Interference (Minor) at 4:54, Alex Killorn (BEA) for Holding (Minor) at 16:16
Goalie Stats
Robin Lehner (BEA), 34 saves from 39 shots - (0,872), W, 7-3-2, 60:00 minutes
Anders Lindback (Gat), 29 saves from 35 shots - (0,829), L, 3-5-1, 59:14 minutes
Players Stats for Harfangs
Player Name G A P +/- PIM S H SB GA TA FO MP PP MP PK MP
------------------------------------------------------------------------------------
Alex Killorn 0 0 0 2 2 0 2 1 0 0 19/36 16:56 1:43 0:00
Andrew Orpik 0 1 1 0 0 1 0 0 0 1 0/0 11:32 0:00 1:01
Brian Lashoff 1 0 1 -1 2 2 3 1 0 1 0/0 23:00 0:00 4:00
Chris Kreider 0 4 4 2 0 5 1 1 0 2 0/0 22:53 2:32 3:54
Corey Cowick 0 0 0 -1 0 1 0 1 0 0 0/0 9:10 0:00 1:52
Craig Smith 0 0 0 -1 0 3 0 1 0 0 0/0 8:06 0:00 0:39
Drew Shore 0 0 0 0 0 0 3 0 2 0 3/9 13:37 0:00 2:06
Dustin Jeffrey 1 0 1 0 0 2 1 0 1 0 1/2 14:51 0:00 2:06
James Wisniewski 0 1 1 0 0 1 2 0 1 0 0/0 28:40 2:44 4:20
Kyle Palmieri 0 1 1 0 4 3 0 0 1 0 1/1 12:02 0:00 0:00
Mark Giordano 0 2 2 2 0 0 0 3 1 0 0/0 22:22 1:31 3:31
Michal Repik 0 0 0 0 0 0 0 0 0 1 1/1 15:44 1:43 1:49
Petri Kontiola 1 0 1 0 0 4 1 0 1 0 7/16 19:04 2:32 3:53
Roman Wick 0 0 0 -1 0 0 0 0 0 0 0/0 6:55 0:00 0:00
Sasha Pokulok 0 0 0 0 0 0 0 0 0 0 0/0 13:37 1:31 0:36
Stefan Ruzicka 3 2 5 2 2 10 1 2 3 0 0/0 18:55 2:32 0:00
Tomas Tatar 0 0 0 0 0 1 0 1 0 0 0/0 13:27 1:43 0:15
Victor Bartley 0 1 1 1 0 2 4 1 0 1 0/0 20:48 2:44 3:06
Players Stats for Sasquatch
Player Name G A P +/- PIM S H SB GA TA FO MP PP MP PK MP
------------------------------------------------------------------------------------
Brandon Bochenski 0 1 1 0 0 3 2 1 0 1 2/4 10:53 0:58 1:38
Cam Atkinson 0 0 0 -1 0 3 1 0 0 0 0/0 12:01 0:36 1:17
D.J King 0 3 3 1 0 2 1 2 2 0 0/1 24:09 4:51 2:18
Derek Stepan 1 3 4 1 0 5 3 1 0 0 16/33 21:35 4:48 0:00
Jake Gardiner 0 0 0 0 0 0 3 0 0 0 0/0 29:14 5:24 2:58
Jakub Voracek 2 1 3 1 2 10 3 1 2 3 1/1 21:53 4:48 0:00
Joe Corvo 0 0 0 -1 0 2 1 1 0 0 0/0 18:17 2:27 2:58
Keith Yandle 0 1 1 -1 0 1 2 1 0 2 0/0 23:00 2:30 1:17
Kyle Clifford 0 0 0 -1 0 0 2 0 0 0 0/0 10:54 0:19 0:00
Luke Adam 0 0 0 0 0 0 0 0 0 0 4/5 7:20 0:00 0:00
Matt Beleskey 0 0 0 0 0 0 1 1 0 0 0/0 7:20 0:00 0:00
Matt Niskanen 0 0 0 0 0 2 1 2 0 0 0/0 17:31 0:00 1:17
Nick Leddy 1 0 1 0 0 1 2 0 0 1 0/0 19:10 5:24 0:00
Oskar Osala 0 1 1 -1 4 1 6 0 1 0 1/1 15:29 2:31 0:45
Stephane Da Costa 0 0 0 -1 0 1 0 0 1 0 3/3 10:35 0:58 0:00
T.J. Oshie 1 0 1 -1 0 7 1 1 0 1 0/0 15:50 2:31 0:00
Tyler Johnson 0 0 0 -1 0 0 1 0 0 1 6/17 17:43 2:31 2:32
Yann Sauvé 0 0 0 0 0 1 1 1 0 1 0/0 12:48 0:49 0:00
3 Stars
1 - Stefan Ruzicka (BEA)
2 - Derek Stepan (Gat)
3 - Jakub Voracek (Gat)
Power Play
Harfangs - 1 on 3 Attempt(s) - 33,33%
Sasquatch - 1 on 5 Attempt(s) - 20,00%
Penalty Kill
Harfangs - 4 on 5 Attempt(s) - 80,00%
- Score 0 goal in Penalty Kill
Sasquatch - 2 on 3 Attempt(s) - 66,67%
- Score 0 goal in Penalty Kill
Official
Referees : Devorski Paul and O'Halloran Dan
Linesman : David Brisebois and Shane Heyer
Game Notes
Stefan Ruzicka has scored a Hat Trick!
Finance
Level 1 -- Attendance: 1578 (78,90%) -- Ticket Income 55 230 $
Level 2 -- Attendance: 697 (69,70%) -- Ticket Income 10 455 $
Total Attendance: 2275 (75,83%)
Total Ticket Income: 65 685 $
Other Income: 3 284 $
Total Income: 68 969 $
Harfangs
5 vs 5 Forward
Center Left Wing Right Wing Time % Phy DF OF
1 Alex Killorn Chris Kreider Stefan Ruzicka 40 1 2 2
2 Petri Kontiola Tomas Tatar Michal Repik 30 1 2 2
3 Drew Shore Dustin Jeffrey Kyle Palmieri 20 1 2 2
4 Craig Smith Corey Cowick Roman Wick 10 1 2 2
5 vs 5 Defense
Defense Defense Time % Phy DF OF
1 James Wisniewski Brian Lashoff 40 1 2 2
2 Mark Giordano Victor Bartley 30 1 2 2
3 Sasha Pokulok Andrew Orpik 20 1 2 2
4 Mark Giordano James Wisniewski 10 1 2 2
PowerPlay Forward
Center Left Wing Right Wing Time % Phy DF OF
1 Petri Kontiola Chris Kreider Stefan Ruzicka 60 1 2 2
2 Alex Killorn Tomas Tatar Michal Repik 40 1 2 2
PowerPlay Defense
Defense Defense Time % Phy DF OF
1 Victor Bartley James Wisniewski 60 1 2 2
2 Sasha Pokulok Mark Giordano 40 1 2 2
Penalty Kill 4 Players Forward
Center Wing Time % Phy DF OF
1 Petri Kontiola Chris Kreider 60 1 2 2
2 Drew Shore Dustin Jeffrey 40 1 2 2
Penalty Kill 4 Players Defense
Defense Defense Time % Phy DF OF
1 Brian Lashoff James Wisniewski 60 1 2 2
2 Victor Bartley Mark Giordano 40 1 2 2
Penalty Kill - 3 Players Forward
Forward Time % Phy DF OF
1 Petri Kontiola 60 1 2 2
2 Drew Shore 40 1 2 2
Penalty Kill - 3 Players Defense
Defense Defense Time % Phy DF OF
1 Brian Lashoff James Wisniewski 60 1 2 2
2 Victor Bartley Mark Giordano 40 1 2 2
4 vs 4 Forward
Center Wing Time % Phy DF OF
1 Petri Kontiola Chris Kreider 60 1 2 2
2 Alex Killorn Stefan Ruzicka 40 1 2 2
4 vs 4 Defense
Defense Defense Time % Phy DF OF
1 Victor Bartley James Wisniewski 60 1 2 2
2 Brian Lashoff Mark Giordano 40 1 2 2
Last Minutes Offensive
Center Left Wing Right Wing Defense Defense
Petri Kontiola Chris Kreider Stefan Ruzicka Mark Giordano James Wisniewski
Last Minutes Defensive
Center Left Wing Right Wing Defense Defense
Petri Kontiola Chris Kreider Stefan Ruzicka Sasha Pokulok Mark Giordano
Goaltenders
Starting : Robin Lehner
Backup : Darcy Kuemper
Extra Forwards
Normal : Craig Smith, Dustin Jeffrey, Michal Repik - PP : Craig Smith, Dustin Jeffrey - PK : Michal Repik
Extra Defensemen
Normal : James Wisniewski, Mark Giordano, Andrew Orpik - PP : James Wisniewski - PK : James Wisniewski, Mark Giordano
Penalty Shots
Craig Smith, Tomas Tatar, Petri Kontiola, James Wisniewski, Dustin Jeffrey
Sasquatch
5 vs 5 Forward
Center Left Wing Right Wing Time % Phy DF OF
1 Derek Stepan D.J King Jakub Voracek 40 1 2 2
2 Tyler Johnson Oskar Osala T.J. Oshie 30 1 2 2
3 Stephane Da Costa Kyle Clifford Cam Atkinson 20 1 2 2
4 Luke Adam Matt Beleskey Brandon Bochenski 10 1 2 2
5 vs 5 Defense
Defense Defense Time % Phy DF OF
1 Keith Yandle Jake Gardiner 40 1 2 2
2 Nick Leddy Matt Niskanen 30 1 2 2
3 Joe Corvo Yann Sauvé 20 1 2 2
4 Jake Gardiner Matt Niskanen 10 1 2 2
PowerPlay Forward
Center Left Wing Right Wing Time % Phy DF OF
1 Derek Stepan D.J King Jakub Voracek 60 1 2 2
2 Tyler Johnson Oskar Osala T.J. Oshie 40 1 2 2
PowerPlay Defense
Defense Defense Time % Phy DF OF
1 Jake Gardiner Nick Leddy 60 1 2 2
2 Keith Yandle Joe Corvo 40 1 2 2
Penalty Kill 4 Players Forward
Center Wing Time % Phy DF OF
1 Tyler Johnson D.J King 60 1 2 2
2 Brandon Bochenski Oskar Osala 40 1 2 2
Penalty Kill 4 Players Defense
Defense Defense Time % Phy DF OF
1 Jake Gardiner Joe Corvo 60 1 2 2
2 Keith Yandle Matt Niskanen 40 1 2 2
Penalty Kill - 3 Players Forward
Forward Time % Phy DF OF
1 Tyler Johnson 60 1 2 2
2 Brandon Bochenski 40 1 2 2
Penalty Kill - 3 Players Defense
Defense Defense Time % Phy DF OF
1 Jake Gardiner Yann Sauvé 60 1 2 2
2 Keith Yandle Joe Corvo 40 1 2 2
4 vs 4 Forward
Center Wing Time % Phy DF OF
1 Derek Stepan Jakub Voracek 60 1 2 2
2 Tyler Johnson T.J. Oshie 40 1 2 2
4 vs 4 Defense
Defense Defense Time % Phy DF OF
1 Jake Gardiner Joe Corvo 60 1 2 2
2 Keith Yandle Matt Niskanen 40 1 2 2
Last Minutes Offensive
Center Left Wing Right Wing Defense Defense
Derek Stepan D.J King Jakub Voracek Jake Gardiner Joe Corvo
Last Minutes Defensive
Center Left Wing Right Wing Defense Defense
Tyler Johnson D.J King Brandon Bochenski Jake Gardiner Joe Corvo
Goaltenders
Starting : Anders Lindback
Backup : Jonas Gustavsson
Extra Forwards
Normal : Brandon Bochenski, Stephane Da Costa, Cam Atkinson - PP : Brandon Bochenski, Stephane Da Costa - PK : Cam Atkinson
Extra Defensemen
Normal : Yann Sauvé, Jake Gardiner, Keith Yandle - PP : Yann Sauvé - PK : Matt Niskanen, Joe Corvo
Penalty Shots
Cam Atkinson, Oskar Osala, T.J. Oshie, Brandon Bochenski, Jakub Voracek
% Time on Ice - Harfangs
Lines # - Real PCT - Wanted PCT - Time Play
Normal Forward
1 - 36% - 40% - 16:30
2 - 25% - 30% - 11:29
3 - 25% - 20% - 11:31
4 - 15% - 10% - 6:55
Normal Defense
1 - 41% - 40% - 19:15
2 - 32% - 30% - 14:40
3 - 23% - 20% - 10:31
4 - 4% - 10% - 1:59
PP Forward
1 - 60% - 60% - 2:32
2 - 40% - 40% - 1:43
PP Defense
1 - 64% - 60% - 2:44
2 - 36% - 40% - 1:31
PK Forward
1 - 75% - 60% - 6:11
2 - 25% - 40% - 2:06
PK Defense
1 - 60% - 60% - 4:56
2 - 40% - 40% - 3:21
PK3 Forward
1 - 0% - 60%
2 - 0% - 40%
PK3 Defense
1 - 0% - 60%
2 - 0% - 40%
44 Forward
1 - 0% - 60%
2 - 0% - 40%
44 Defense
1 - 0% - 60%
2 - 0% - 40%
Last Minute Offensive - 0:00
Last Minute Defensive - 1:03
Total
Forward - 60:00
Defense - 60:00
|
% Time on Ice - Sasquatch
Lines # - Real PCT - Wanted PCT - Time Play
Normal Forward
1 - 37% - 40% - 17:18
2 - 26% - 30% - 12:15
3 - 21% - 20% - 9:31
4 - 16% - 10% - 7:20
Normal Defense
1 - 41% - 40% - 19:14
2 - 31% - 30% - 14:30
3 - 22% - 20% - 10:10
4 - 5% - 10% - 2:30
PP Forward
1 - 66% - 60% - 5:29
2 - 34% - 40% - 2:48
PP Defense
1 - 70% - 60% - 5:50
2 - 30% - 40% - 2:27
PK Forward
1 - 62% - 60% - 2:37
2 - 38% - 40% - 1:38
PK Defense
1 - 70% - 60% - 2:58
2 - 30% - 40% - 1:17
PK3 Forward
1 - 0% - 60%
2 - 0% - 40%
PK3 Defense
1 - 0% - 60%
2 - 0% - 40%
44 Forward
1 - 0% - 60%
2 - 0% - 40%
44 Defense
1 - 0% - 60%
2 - 0% - 40%
Last Minute Offensive - 1:04
Last Minute Defensive - 0:00
Total
Forward - 60:00
Defense - 60:00
|
Play by Play
1st period
0:01 of 1st period - Alex Killorn wins face-off versus Derek Stepan in neutral zone.
0:04 of 1st period - Slapshot by James Wisniewski.
0:04 of 1st period - Stopped by Anders Lindback without a rebound.
0:05 of 1st period - Alex Killorn wins face-off versus D.J King in Sasquatch zone.
0:38 of 1st period - Slapshot by Petri Kontiola.
0:38 of 1st period - Stopped by Anders Lindback without a rebound.
0:39 of 1st period - Stephane Da Costa wins face-off versus Drew Shore in Sasquatch zone.
0:44 of 1st period - Snap shot by Cam Atkinson.
0:44 of 1st period - Deflect By Mark Giordano.
0:44 of 1st period - Stopped by Robin Lehner with a rebound.
1:06 of 1st period - Petri Kontiola is hit by Nick Leddy and loses puck.
1:10 of 1st period - Icing by Mark Giordano.
1:11 of 1st period - Luke Adam wins face-off versus Petri Kontiola in Harfangs zone.
1:26 of 1st period - Snap shot by Petri Kontiola.
1:26 of 1st period - Shot Blocked by Yann Sauvé.
1:30 of 1st period - Backhand shot by Andrew Orpik.
1:30 of 1st period - Stopped by Anders Lindback with a rebound.
1:44 of 1st period - Slapshot by Petri Kontiola.
1:44 of 1st period - Stopped by Anders Lindback with a rebound.
1:48 of 1st period - Slapshot by Mark Giordano.
1:48 of 1st period - Deflect By Tomas Tatar.
1:48 of 1st period - Shot Misses the Net.
1:48 of 1st period - Puck is out of play.
1:49 of 1st period - Alex Killorn wins face-off versus Derek Stepan in Sasquatch zone.
1:50 of 1st period - Wrist shot by Stefan Ruzicka.
1:50 of 1st period - Stopped by Anders Lindback without a rebound.
1:51 of 1st period - Derek Stepan wins face-off versus Alex Killorn in Sasquatch zone.
2:17 of 1st period - Wrist shot by Craig Smith.
2:17 of 1st period - Stopped by Anders Lindback with a rebound.
2:27 of 1st period - Slapshot by Jake Gardiner.
2:27 of 1st period - Shot Misses the Net.
2:39 of 1st period - Drew Shore is hit by Cam Atkinson and loses puck.
3:18 of 1st period - Wrist shot by Chris Kreider.
3:18 of 1st period - Stopped by Anders Lindback with a rebound.
3:55 of 1st period - Stephane Da Costa is hit by Drew Shore and loses puck.
4:28 of 1st period - Andrew Orpik is hit by D.J King and loses puck.
4:41 of 1st period - Slapshot by Matt Beleskey.
4:41 of 1st period - Deflect By Brandon Bochenski.
4:41 of 1st period - Stopped by Robin Lehner with a rebound.
4:55 of 1st period - Slapshot by Petri Kontiola.
4:55 of 1st period - Shot Misses the Net.
5:14 of 1st period - Off-side.
5:15 of 1st period - Tyler Johnson wins face-off versus Alex Killorn in neutral zone.
5:17 of 1st period - Minor Penalty to Oskar Osala for Diving.
5:18 of 1st period - Tyler Johnson wins face-off versus Petri Kontiola in Sasquatch zone.
6:36 of 1st period - Icing by Michal Repik.
6:37 of 1st period - Brandon Bochenski wins face-off versus Alex Killorn in Harfangs zone.
6:48 of 1st period - Slapshot by Joe Corvo.
6:48 of 1st period - Stopped by Robin Lehner without a rebound.
6:49 of 1st period - Petri Kontiola wins face-off versus Brandon Bochenski in Harfangs zone.
7:04 of 1st period - Snap shot by Brandon Bochenski.
7:04 of 1st period - Stopped by Robin Lehner with a rebound.
7:12 of 1st period - Wrist shot by Petri Kontiola.
7:12 of 1st period - Shot Misses the Net.
7:14 of 1st period - Slapshot by Chris Kreider.
7:14 of 1st period - Stopped by Anders Lindback with a rebound.
7:16 of 1st period - Slapshot by Victor Bartley.
7:16 of 1st period - Deflect By Stefan Ruzicka.
7:16 of 1st period - Shot Blocked by Joe Corvo.
7:16 of 1st period - Puck is out of play.
7:17 of 1st period - Penalty to Oskar Osala is over, Oskar Osala is back on ice.
7:17 of 1st period - Derek Stepan wins face-off versus Drew Shore in Sasquatch zone.
7:52 of 1st period - Wrist shot by Craig Smith.
7:52 of 1st period - Deflect By Roman Wick.
7:52 of 1st period - Shot Misses the Net.
7:52 of 1st period - Puck is out of play.
7:53 of 1st period - Alex Killorn wins face-off versus Derek Stepan in Sasquatch zone.
8:18 of 1st period - Chris Kreider is hit by Kyle Clifford and loses puck.
8:31 of 1st period - Snap shot by Chris Kreider.
8:31 of 1st period - Deflect By Stefan Ruzicka.
8:31 of 1st period - Goal by Stefan Ruzicka - Harfangs : 1 - Sasquatch : 0.
8:32 of 1st period - Kyle Palmieri wins face-off versus Derek Stepan in neutral zone.
8:45 of 1st period - Backhand shot by Kyle Palmieri.
8:45 of 1st period - Stopped by Anders Lindback without a rebound.
8:46 of 1st period - Alex Killorn wins face-off versus Tyler Johnson in Sasquatch zone.
8:47 of 1st period - Snap shot by Stefan Ruzicka.
8:47 of 1st period - Stopped by Anders Lindback with a rebound.
8:49 of 1st period - Minor Penalty to Oskar Osala for Hooking.
8:50 of 1st period - Tyler Johnson wins face-off versus Petri Kontiola in Sasquatch zone.
9:01 of 1st period - Tyler Johnson is hit by Victor Bartley and loses puck.
9:06 of 1st period - Wrist shot by Stefan Ruzicka.
9:06 of 1st period - Deflect By Petri Kontiola.
9:06 of 1st period - Goal by Petri Kontiola - Harfangs : 2 - Sasquatch : 0.
9:07 of 1st period - Alex Killorn wins face-off versus Derek Stepan in neutral zone.
9:56 of 1st period - Snap shot by Dustin Jeffrey.
9:56 of 1st period - Shot Misses the Net.
9:58 of 1st period - Slapshot by Kyle Palmieri.
9:58 of 1st period - Deflect By Dustin Jeffrey.
9:58 of 1st period - Shot Misses the Net.
9:58 of 1st period - Puck is out of play.
9:59 of 1st period - Drew Shore wins face-off versus Derek Stepan in Sasquatch zone.
10:22 of 1st period - Slapshot by Kyle Palmieri.
10:22 of 1st period - Shot Blocked by Jakub Voracek.
10:46 of 1st period - Snap shot by James Wisniewski.
10:46 of 1st period - Shot Blocked by Matt Niskanen.
10:49 of 1st period - Icing by D.J King.
10:50 of 1st period - Derek Stepan wins face-off versus Alex Killorn in Sasquatch zone.
10:50 of 1st period - Derek Stepan is hit by Alex Killorn.
10:59 of 1st period - Minor Penalty to Jakub Voracek for Hooking.
11:00 of 1st period - Petri Kontiola wins face-off versus Tyler Johnson in Sasquatch zone.
11:33 of 1st period - Tyler Johnson is hit by Alex Killorn and loses puck.
11:43 of 1st period - Off-side.
11:44 of 1st period - Oskar Osala wins face-off versus Petri Kontiola in neutral zone.
11:47 of 1st period - Snap shot by Keith Yandle.
11:47 of 1st period - Shot Misses the Net.
12:59 of 1st period - Penalty to Jakub Voracek is over, Jakub Voracek is back on ice.
13:07 of 1st period - Sasha Pokulok is hit by Tyler Johnson and loses puck.
13:16 of 1st period - Slapshot by Jakub Voracek.
13:16 of 1st period - Stopped by Robin Lehner without a rebound.
13:17 of 1st period - Luke Adam wins face-off versus Drew Shore in Harfangs zone.
13:24 of 1st period - Wrist shot by Brandon Bochenski.
13:24 of 1st period - Deflect By Matt Beleskey.
13:24 of 1st period - Shot Misses the Net.
13:24 of 1st period - Puck is out of play.
13:25 of 1st period - Luke Adam wins face-off versus Drew Shore in Harfangs zone.
13:26 of 1st period - Wrist shot by Brandon Bochenski.
13:26 of 1st period - Stopped by Robin Lehner without a rebound.
13:27 of 1st period - Luke Adam wins face-off versus Drew Shore in Harfangs zone.
13:32 of 1st period - Snap shot by Brandon Bochenski.
13:32 of 1st period - Shot Misses the Net.
14:07 of 1st period - Slapshot by James Wisniewski.
14:07 of 1st period - Deflect By Kyle Palmieri.
14:07 of 1st period - Stopped by Anders Lindback with a rebound.
14:09 of 1st period - Slapshot by Kyle Palmieri.
14:09 of 1st period - Shot Blocked by Matt Beleskey.
14:11 of 1st period - Slapshot by Brian Lashoff.
14:11 of 1st period - Shot Blocked by Brandon Bochenski.
14:26 of 1st period - Double Minor Penalty to Kyle Palmieri for High sticking.
14:27 of 1st period - Derek Stepan wins face-off versus Petri Kontiola in Harfangs zone.
16:12 of 1st period - Jake Gardiner is hit by Victor Bartley and loses puck.
17:30 of 1st period - Andrew Orpik is hit by Jake Gardiner.
18:26 of 1st period - Penalty to Kyle Palmieri is over, Kyle Palmieri is back on ice.
18:43 of 1st period - Slapshot by Mark Giordano.
18:43 of 1st period - Shot Misses the Net.
18:55 of 1st period - Snap shot by Matt Beleskey.
18:55 of 1st period - Shot Blocked by Mark Giordano.
18:57 of 1st period - Snap shot by Joe Corvo.
18:57 of 1st period - Stopped by Robin Lehner with a rebound.
18:59 of 1st period - Slapshot by Joe Corvo.
18:59 of 1st period - Shot Misses the Net.
19:17 of 1st period - Slapshot by Mark Giordano.
19:17 of 1st period - Deflect By Corey Cowick.
19:17 of 1st period - Stopped by Anders Lindback with a rebound.
19:31 of 1st period - Wrist shot by Craig Smith.
19:31 of 1st period - Stopped by Anders Lindback with a rebound.
19:56 of 1st period - T.J. Oshie is hit by Stefan Ruzicka.
Goals for this period are 2 for Harfangs vs 0 for Sasquatch.
Shots for this period are 15 for Harfangs vs 7 for Sasquatch.
2nd period
0:01 of 2nd period - Alex Killorn wins face-off versus Tyler Johnson in neutral zone.
0:14 of 2nd period - Snap shot by Stefan Ruzicka.
0:14 of 2nd period - Shot Misses the Net.
0:16 of 2nd period - Snap shot by Chris Kreider.
0:16 of 2nd period - Shot Misses the Net.
1:05 of 2nd period - Slapshot by Victor Bartley.
1:05 of 2nd period - Stopped by Anders Lindback with a rebound.
1:15 of 2nd period - Dustin Jeffrey is hit by Matt Niskanen and loses puck.
1:28 of 2nd period - Snap shot by Oskar Osala.
1:28 of 2nd period - Stopped by Robin Lehner with a rebound.
1:30 of 2nd period - Snap shot by Tyler Johnson.
1:30 of 2nd period - Shot Blocked by Victor Bartley.
1:32 of 2nd period - Slapshot by Tyler Johnson.
1:32 of 2nd period - Shot Blocked by Mark Giordano.
1:34 of 2nd period - Wrist shot by T.J. Oshie.
1:34 of 2nd period - Stopped by Robin Lehner with a rebound.
1:44 of 2nd period - Wrist shot by Jakub Voracek.
1:44 of 2nd period - Stopped by Robin Lehner with a rebound.
2:04 of 2nd period - Mark Giordano is hit by Joe Corvo and loses puck.
2:23 of 2nd period - Off-side.
2:24 of 2nd period - Drew Shore wins face-off versus Tyler Johnson in neutral zone.
3:23 of 2nd period - Snap shot by Cam Atkinson.
3:23 of 2nd period - Stopped by Robin Lehner with a rebound.
3:51 of 2nd period - Dustin Jeffrey is hit by Brandon Bochenski and loses puck.
3:56 of 2nd period - Slapshot by Keith Yandle.
3:56 of 2nd period - Stopped by Robin Lehner without a rebound.
3:57 of 2nd period - Derek Stepan wins face-off versus Alex Killorn in Harfangs zone.
3:58 of 2nd period - Slapshot by D.J King.
3:58 of 2nd period - Stopped by Robin Lehner without a rebound.
3:59 of 2nd period - Alex Killorn wins face-off versus Derek Stepan in Harfangs zone.
5:11 of 2nd period - Wrist shot by Stefan Ruzicka.
5:11 of 2nd period - Shot Misses the Net.
6:19 of 2nd period - Snap shot by Brandon Bochenski.
6:19 of 2nd period - Shot Misses the Net.
6:48 of 2nd period - James Wisniewski is hit by Nick Leddy and loses puck.
8:05 of 2nd period - Dustin Jeffrey is hit by Oskar Osala and loses puck.
8:33 of 2nd period - Snap shot by Chris Kreider.
8:33 of 2nd period - Deflect By Stefan Ruzicka.
8:33 of 2nd period - Stopped by Anders Lindback with a rebound.
8:39 of 2nd period - Jake Gardiner is hit by Chris Kreider.
8:40 of 2nd period - Icing by Jake Gardiner.
8:41 of 2nd period - Petri Kontiola wins face-off versus Derek Stepan in Sasquatch zone.
8:42 of 2nd period - Snap shot by Tomas Tatar.
8:42 of 2nd period - Stopped by Anders Lindback with a rebound.
9:02 of 2nd period - Tomas Tatar is hit by Jake Gardiner and loses puck.
9:27 of 2nd period - Wrist shot by Jakub Voracek.
9:27 of 2nd period - Stopped by Robin Lehner without a rebound.
9:28 of 2nd period - Alex Killorn wins face-off versus Tyler Johnson in Harfangs zone.
9:39 of 2nd period - Snap shot by Oskar Osala.
9:39 of 2nd period - Shot Blocked by Chris Kreider.
9:41 of 2nd period - Snap shot by T.J. Oshie.
9:41 of 2nd period - Stopped by Robin Lehner without a rebound.
9:42 of 2nd period - Alex Killorn wins face-off versus Tyler Johnson in Harfangs zone.
9:42 of 2nd period - Alex Killorn is hit by Oskar Osala.
9:49 of 2nd period - James Wisniewski is hit by Oskar Osala and loses puck.
9:54 of 2nd period - Chris Kreider is hit by Oskar Osala and loses puck.
10:07 of 2nd period - Cam Atkinson is hit by Brian Lashoff and loses puck.
10:14 of 2nd period - Backhand shot by Kyle Palmieri.
10:14 of 2nd period - Stopped by Anders Lindback with a rebound.
10:16 of 2nd period - Slapshot by Victor Bartley.
10:16 of 2nd period - Stopped by Anders Lindback with a rebound.
10:35 of 2nd period - Kyle Clifford is hit by Victor Bartley and loses puck.
12:04 of 2nd period - Snap shot by Jakub Voracek.
12:04 of 2nd period - Stopped by Robin Lehner with a rebound.
12:14 of 2nd period - Wrist shot by Roman Wick.
12:14 of 2nd period - Deflect By Craig Smith.
12:14 of 2nd period - Shot Blocked by D.J King.
12:14 of 2nd period - Puck is out of play.
12:15 of 2nd period - Alex Killorn wins face-off versus Tyler Johnson in Sasquatch zone.
12:20 of 2nd period - Snap shot by Chris Kreider.
12:20 of 2nd period - Shot Misses the Net.
12:22 of 2nd period - Slapshot by Victor Bartley.
12:22 of 2nd period - Shot Blocked by T.J. Oshie.
12:24 of 2nd period - Slapshot by Stefan Ruzicka.
12:24 of 2nd period - Deflect By Oskar Osala.
12:24 of 2nd period - Stopped by Anders Lindback with a rebound.
12:26 of 2nd period - Wrist shot by Stefan Ruzicka.
12:26 of 2nd period - Goal by Stefan Ruzicka - Harfangs : 3 - Sasquatch : 0.
12:27 of 2nd period - Derek Stepan wins face-off versus Alex Killorn in neutral zone.
12:38 of 2nd period - Wrist shot by Jakub Voracek.
12:38 of 2nd period - Goal by Jakub Voracek - Harfangs : 3 - Sasquatch : 1.
12:39 of 2nd period - Alex Killorn wins face-off versus Derek Stepan in neutral zone.
12:50 of 2nd period - Snap shot by Chris Kreider.
12:50 of 2nd period - Shot Blocked by D.J King.
12:52 of 2nd period - Wrist shot by Chris Kreider.
12:52 of 2nd period - Stopped by Anders Lindback with a rebound.
12:54 of 2nd period - Slapshot by Brian Lashoff.
12:54 of 2nd period - Deflect By Derek Stepan.
12:54 of 2nd period - Goal by Brian Lashoff - Harfangs : 4 - Sasquatch : 1.
12:55 of 2nd period - Derek Stepan wins face-off versus Alex Killorn in neutral zone.
13:25 of 2nd period - Wrist shot by Petri Kontiola.
13:25 of 2nd period - Stopped by Anders Lindback without a rebound.
13:26 of 2nd period - Petri Kontiola wins face-off versus Tyler Johnson in Sasquatch zone.
14:17 of 2nd period - Kyle Palmieri is hit by Derek Stepan and loses puck.
15:14 of 2nd period - Snap shot by Derek Stepan.
15:14 of 2nd period - Shot Blocked by Alex Killorn.
15:16 of 2nd period - Snap shot by Yann Sauvé.
15:16 of 2nd period - Stopped by Robin Lehner with a rebound.
15:18 of 2nd period - Minor Penalty to Stefan Ruzicka for Tripping.
15:19 of 2nd period - Petri Kontiola wins face-off versus Derek Stepan in Harfangs zone.
15:47 of 2nd period - T.J. Oshie is hit by Drew Shore and loses puck.
15:59 of 2nd period - Dustin Jeffrey is hit by Oskar Osala and loses puck.
16:10 of 2nd period - James Wisniewski is hit by Derek Stepan.
17:03 of 2nd period - Icing by Jake Gardiner.
17:04 of 2nd period - Michal Repik wins face-off versus Tyler Johnson in Sasquatch zone.
17:17 of 2nd period - Tyler Johnson is hit by Victor Bartley and loses puck.
17:18 of 2nd period - Penalty to Stefan Ruzicka is over, Stefan Ruzicka is back on ice.
17:44 of 2nd period - Victor Bartley is hit by Matt Beleskey and loses puck.
18:23 of 2nd period - Snap shot by Dustin Jeffrey.
18:23 of 2nd period - Stopped by Anders Lindback without a rebound.
18:24 of 2nd period - Derek Stepan wins face-off versus Alex Killorn in Sasquatch zone.
18:35 of 2nd period - Wrist shot by Derek Stepan.
18:35 of 2nd period - Shot Blocked by Stefan Ruzicka.
18:37 of 2nd period - Wrist shot by Derek Stepan.
18:37 of 2nd period - Shot Misses the Net.
18:39 of 2nd period - Slapshot by Derek Stepan.
18:39 of 2nd period - Goal by Derek Stepan - Harfangs : 4 - Sasquatch : 2.
18:40 of 2nd period - Alex Killorn wins face-off versus Derek Stepan in neutral zone.
19:05 of 2nd period - Derek Stepan is hit by James Wisniewski and loses puck.
19:12 of 2nd period - Snap shot by Derek Stepan.
19:12 of 2nd period - Shot Misses the Net.
19:14 of 2nd period - Snap shot by Jakub Voracek.
19:14 of 2nd period - Goal by Jakub Voracek - Harfangs : 4 - Sasquatch : 3.
19:15 of 2nd period - Tyler Johnson wins face-off versus Alex Killorn in neutral zone.
19:20 of 2nd period - Slapshot by Jake Gardiner.
19:20 of 2nd period - Shot Blocked by Stefan Ruzicka.
19:22 of 2nd period - Snap shot by Oskar Osala.
19:22 of 2nd period - Shot Blocked by Brian Lashoff.
19:40 of 2nd period - Derek Stepan is hit by Petri Kontiola and loses puck.
Goals for this period are 2 for Harfangs vs 3 for Sasquatch.
Shots for this period are 11 for Harfangs vs 13 for Sasquatch.
3rd period
0:01 of 3rd period - Jakub Voracek wins face-off versus Alex Killorn in neutral zone.
0:26 of 3rd period - James Wisniewski is hit by Keith Yandle and loses puck.
0:35 of 3rd period - Snap shot by Tomas Tatar.
0:35 of 3rd period - Shot Blocked by Keith Yandle.
0:57 of 3rd period - Snap shot by Stephane Da Costa.
0:57 of 3rd period - Stopped by Robin Lehner without a rebound.
0:58 of 3rd period - Alex Killorn wins face-off versus Derek Stepan in Harfangs zone.
1:25 of 3rd period - Michal Repik is hit by Oskar Osala and loses puck.
1:50 of 3rd period - Backhand shot by Stephane Da Costa.
1:50 of 3rd period - Shot Misses the Net.
1:52 of 3rd period - Slapshot by Matt Niskanen.
1:52 of 3rd period - Stopped by Robin Lehner without a rebound.
1:53 of 3rd period - Derek Stepan wins face-off versus Alex Killorn in Harfangs zone.
1:54 of 3rd period - Wrist shot by Jakub Voracek.
1:54 of 3rd period - Stopped by Robin Lehner with a rebound.
2:04 of 3rd period - Wrist shot by Stefan Ruzicka.
2:04 of 3rd period - Deflect By Jake Gardiner.
2:04 of 3rd period - Stopped by Anders Lindback with a rebound.
2:06 of 3rd period - Slapshot by Brian Lashoff.
2:06 of 3rd period - Stopped by Anders Lindback with a rebound.
2:08 of 3rd period - Wrist shot by Chris Kreider.
2:08 of 3rd period - Stopped by Anders Lindback with a rebound.
2:20 of 3rd period - Keith Yandle is hit by James Wisniewski and loses puck.
2:49 of 3rd period - Wrist shot by Oskar Osala.
2:49 of 3rd period - Shot Blocked by Corey Cowick.
2:51 of 3rd period - Wrist shot by T.J. Oshie.
2:51 of 3rd period - Stopped by Robin Lehner with a rebound.
2:53 of 3rd period - Wrist shot by Oskar Osala.
2:53 of 3rd period - Shot Misses the Net.
3:00 of 3rd period - Off-side.
3:01 of 3rd period - Derek Stepan wins face-off versus Alex Killorn in neutral zone.
3:08 of 3rd period - Snap shot by Stefan Ruzicka.
3:08 of 3rd period - Stopped by Anders Lindback with a rebound.
3:10 of 3rd period - Snap shot by Alex Killorn.
3:10 of 3rd period - Shot Misses the Net.
3:26 of 3rd period - Alex Killorn is hit by Brandon Bochenski.
3:32 of 3rd period - Icing by Alex Killorn.
3:33 of 3rd period - Alex Killorn wins face-off versus Luke Adam in Harfangs zone.
3:39 of 3rd period - Off-side.
3:40 of 3rd period - Derek Stepan wins face-off versus Petri Kontiola in neutral zone.
3:54 of 3rd period - Mark Giordano is hit by Jakub Voracek and loses puck.
4:05 of 3rd period - T.J. Oshie is hit by Drew Shore and loses puck.
4:34 of 3rd period - Victor Bartley is hit by Kyle Clifford and loses puck.
4:54 of 3rd period - Minor Penalty to Brian Lashoff for Interference.
4:55 of 3rd period - Derek Stepan wins face-off versus Petri Kontiola in Harfangs zone.
5:06 of 3rd period - Off-side.
5:07 of 3rd period - Derek Stepan wins face-off versus Petri Kontiola in neutral zone.
5:12 of 3rd period - Slapshot by Derek Stepan.
5:12 of 3rd period - Stopped by Robin Lehner with a rebound.
5:14 of 3rd period - Snap shot by Nick Leddy.
5:14 of 3rd period - Goal by Nick Leddy - Harfangs : 4 - Sasquatch : 4.
5:15 of 3rd period - Alex Killorn wins face-off versus Derek Stepan in neutral zone.
5:24 of 3rd period - Snap shot by Stefan Ruzicka.
5:24 of 3rd period - Goal by Stefan Ruzicka - Harfangs : 5 - Sasquatch : 4.
5:25 of 3rd period - Alex Killorn wins face-off versus Derek Stepan in neutral zone.
6:01 of 3rd period - Off-side.
6:02 of 3rd period - Petri Kontiola wins face-off versus Derek Stepan in neutral zone.
6:17 of 3rd period - Snap shot by Tomas Tatar.
6:17 of 3rd period - Deflect By Jakub Voracek.
6:17 of 3rd period - Shot Blocked by Derek Stepan.
6:17 of 3rd period - Puck is out of play.
6:18 of 3rd period - Drew Shore wins face-off versus Tyler Johnson in Sasquatch zone.
6:21 of 3rd period - Snap shot by Dustin Jeffrey.
6:21 of 3rd period - Shot Misses the Net.
6:24 of 3rd period - Icing by Jake Gardiner.
6:25 of 3rd period - Tyler Johnson wins face-off versus Drew Shore in Sasquatch zone.
6:37 of 3rd period - James Wisniewski is hit by Keith Yandle and loses puck.
6:58 of 3rd period - Wrist shot by Jakub Voracek.
6:58 of 3rd period - Stopped by Robin Lehner with a rebound.
7:36 of 3rd period - Slapshot by Brandon Bochenski.
7:36 of 3rd period - Shot Misses the Net.
8:15 of 3rd period - Snap shot by Stefan Ruzicka.
8:15 of 3rd period - Stopped by Anders Lindback with a rebound.
8:17 of 3rd period - Snap shot by Chris Kreider.
8:17 of 3rd period - Stopped by Anders Lindback without a rebound.
8:18 of 3rd period - Derek Stepan wins face-off versus Alex Killorn in Sasquatch zone.
8:23 of 3rd period - Snap shot by Derek Stepan.
8:23 of 3rd period - Stopped by Robin Lehner without a rebound.
8:24 of 3rd period - Derek Stepan wins face-off versus Alex Killorn in Harfangs zone.
8:33 of 3rd period - Brian Lashoff is hit by Jakub Voracek and loses puck.
9:08 of 3rd period - Michal Repik is hit by Jakub Voracek and loses puck.
9:19 of 3rd period - Nick Leddy is hit by Brian Lashoff.
9:33 of 3rd period - Snap shot by Craig Smith.
9:33 of 3rd period - Stopped by Anders Lindback with a rebound.
9:35 of 3rd period - Slapshot by Brian Lashoff.
9:35 of 3rd period - Shot Blocked by Matt Niskanen.
9:59 of 3rd period - Nick Leddy is hit by Brian Lashoff and loses puck.
10:35 of 3rd period - Wrist shot by Jakub Voracek.
10:35 of 3rd period - Deflect By D.J King.
10:35 of 3rd period - Stopped by Robin Lehner without a rebound.
10:36 of 3rd period - Tyler Johnson wins face-off versus Alex Killorn in Harfangs zone.
11:42 of 3rd period - Wrist shot by T.J. Oshie.
11:42 of 3rd period - Goal by T.J. Oshie - Harfangs : 5 - Sasquatch : 5.
11:43 of 3rd period - Alex Killorn wins face-off versus Tyler Johnson in neutral zone.
13:31 of 3rd period - Slapshot by Matt Niskanen.
13:31 of 3rd period - Stopped by Robin Lehner with a rebound.
14:08 of 3rd period - Wrist shot by Roman Wick.
14:08 of 3rd period - Shot Misses the Net.
14:26 of 3rd period - Snap shot by Dustin Jeffrey.
14:26 of 3rd period - Goal by Dustin Jeffrey - Harfangs : 6 - Sasquatch : 5.
14:27 of 3rd period - Alex Killorn wins face-off versus Derek Stepan in neutral zone.
15:15 of 3rd period - Kyle Clifford is hit by Dustin Jeffrey and loses puck.
16:07 of 3rd period - Slapshot by Jakub Voracek.
16:07 of 3rd period - Stopped by Robin Lehner without a rebound.
16:08 of 3rd period - Stephane Da Costa wins face-off versus Alex Killorn in Harfangs zone.
16:09 of 3rd period - Slapshot by Cam Atkinson.
16:09 of 3rd period - Stopped by Robin Lehner without a rebound.
16:10 of 3rd period - Stephane Da Costa wins face-off versus Alex Killorn in Harfangs zone.
16:16 of 3rd period - Minor Penalty to Alex Killorn for Holding.
16:17 of 3rd period - Derek Stepan wins face-off versus Petri Kontiola in Harfangs zone.
16:19 of 3rd period - Snap shot by Derek Stepan.
16:19 of 3rd period - Stopped by Robin Lehner with a rebound.
16:21 of 3rd period - Snap shot by Jakub Voracek.
16:21 of 3rd period - Stopped by Robin Lehner with a rebound.
16:23 of 3rd period - Wrist shot by Jakub Voracek.
16:23 of 3rd period - Shot Misses the Net.
16:25 of 3rd period - Wrist shot by Derek Stepan.
16:25 of 3rd period - Stopped by Robin Lehner without a rebound.
16:26 of 3rd period - Petri Kontiola wins face-off versus Derek Stepan in Harfangs zone.
16:35 of 3rd period - Petri Kontiola is hit by Jake Gardiner.
17:08 of 3rd period - Snap shot by Dustin Jeffrey.
17:08 of 3rd period - Shot Misses the Net.
17:26 of 3rd period - Slapshot by Jake Gardiner.
17:26 of 3rd period - Shot Misses the Net.
17:50 of 3rd period - Michal Repik is hit by Derek Stepan and loses puck.
18:16 of 3rd period - Penalty to Alex Killorn is over, Alex Killorn is back on ice.
18:28 of 3rd period - Snap shot by T.J. Oshie.
18:28 of 3rd period - Stopped by Robin Lehner with a rebound.
18:50 of 3rd period - Wrist shot by Joe Corvo.
18:50 of 3rd period - Shot Blocked by Tomas Tatar.
18:52 of 3rd period - Slapshot by Joe Corvo.
18:52 of 3rd period - Shot Blocked by Craig Smith.
19:14 of 3rd period - Sasquatch, Anders Lindback is pulled from the net.
19:18 of 3rd period - Slapshot by T.J. Oshie.
19:18 of 3rd period - Stopped by Robin Lehner without a rebound.
19:19 of 3rd period - Dave Tippett call a timeout for Sasquatch.
19:19 of 3rd period - Dustin Jeffrey wins face-off versus Brandon Bochenski in Harfangs zone.
19:19 of 3rd period - Dustin Jeffrey is hit by Yann Sauvé.
19:25 of 3rd period - Mark Giordano is hit by T.J. Oshie and loses puck.
19:57 of 3rd period - Snap shot by T.J. Oshie.
19:57 of 3rd period - Stopped by Robin Lehner without a rebound.
19:58 of 3rd period - Brandon Bochenski wins face-off versus Dustin Jeffrey in Harfangs zone.
19:59 of 3rd period - Slapshot by T.J. Oshie.
19:59 of 3rd period - Shot Blocked by Mark Giordano.
Goals for this period are 2 for Harfangs vs 2 for Sasquatch.
Shots for this period are 9 for Harfangs vs 19 for Sasquatch.
Output by the SimonT Hockey Simulator (STHS) for François Prévost -- Original Page W3C XHTML 1.0 Valid